 Dungeon Crawl Stone Soup version 0.31.0-12-g77e489cdc1 (webtiles) character file.

Game seed: 1393003108950967675

476 PriceMaster the Digger (level 7, -2/43 HPs)
             Began as an Octopode Earth Elementalist on Feb 28, 2024.
             Was a Follower of Vehumet.
             Slain by a gnoll
             ... wielding a +0 halberd of protection
             ... led by a gnoll bouda
              (5 damage)
             ... on level 5 of the Dungeon.
             The game lasted 00:07:24 (3194 turns).

PriceMaster the Digger (OpEE)                       Turns: 3194, Time: 00:07:25

Health: -2/43      AC:  1    Str:  7    XL:     7   Next: 10%
Magic:  17/22      EV: 13    Int: 20    God:    Vehumet [*.....]
Gold:   246        SH:  0    Dex: 14    Spells: 2/14 levels left

rFire   + . .        h - +1 rapier
rCold   x . .        (no shield)
rNeg    . . .        (helmet restricted)
rPois   +            (no amulet)
rElec   .            b - +4 ring of slaying
rCorr   .            g - +6 ring of dexterity
SInv    +            k - ring of magical power
Will    .....        s - ring of see invisible
Stlth   ++++         t - ring of fire
HPRegen 0.27/turn    v - ring of poison resistance
MPRegen 0.18/turn    (no ring)
                     (no ring)

%: no passive effects
@: weak-willed, fugue
A: almost no armour, amphibious, 8 rings, camouflage 1, gelatinous body 1,
(nimble swimmer 1), tentacles, clumsy 2
a: Renounce Religion


You were on level 5 of the Dungeon.
You worshipped Vehumet.
Vehumet was aware of your devotion.
You visited 1 branch of the dungeon, and saw 5 of its levels.

You collected 246 gold pieces.

Inventory:

Hand Weapons
 h - a +1 rapier (weapon)
Jewellery
 b - a +4 ring of slaying (left tentacle)
 g - a +6 ring of dexterity (right tentacle)
 k - a ring of magical power (on tentacle)
 s - a ring of see invisible (on tentacle)
 t - a ring of fire (on tentacle)
 v - a ring of poison resistance (on tentacle)
Wands
 d - a wand of flame (20)
 u - a wand of digging (6)
Scrolls
 e - 4 scrolls of teleportation {unknown}
 i - 2 scrolls of noise {unknown}
 j - a scroll of fog {unknown}
 m - a scroll of silence {unknown}
 n - 2 scrolls of brand weapon {unknown}
 p - 2 scrolls of identify
 q - a scroll of butterflies {unknown}
 r - a scroll of revelation {unknown}
 w - a scroll of amnesia {unknown}
Potions
 a - a potion of magic
 c - 2 potions of enlightenment


   Skills:
 + Level 1.1 Fighting
 + Level 2.9 Short Blades
 + Level 2.4 Dodging
 + Level 4.1 Stealth
 + Level 1.1 Unarmed Combat
 + Level 4.0 Spellcasting
 + Level 1.0 Conjurations
 + Level 1.1 Hexes
 + Level 1.0 Necromancy
 + Level 4.2 Earth Magic


You had 2 spell levels left.
You knew the following spells:

 Your Spells              Type           Power      Damage    Failure   Level
a - Sandblast             Erth           42%        2d11      2%          1
b - Jinxbite              Hex            16%        N/A       12%         2
c - Fugue of the Fallen   Necr           8%         N/A       24%         3
d - Stone Arrow           Conj/Erth      28%        3d8       13%         3
e - Vampiric Draining     Necr           8%         2d6       24%         3

Your spell library contained the following spells:

 Spells                   Type           Power      Damage    Failure   Level
 Freeze                   Ice            16%        1d4       13%         1
 Slow                     Hex            32%        N/A       9%          1
 Apportation              Tloc           8%         N/A       13%         1
 Ensorcelled Hibernation  Hex/Ice        12%        N/A       16%         2
 Passwall                 Erth           21%        N/A       7%          3
 Confusing Touch          Hex            8%         N/A       24%         3
 Sigil of Binding         Hex            8%         N/A       24%         3
 Call Canine Familiar     Summ           4%         N/A       36%         3
 Brom's Barrelling Bould  Conj/Erth      14%        2d4       41%         4
 Petrify                  Alch/Erth      12%        N/A       47%         4
 Anguish                  Hex/Necr       4%         N/A       63%         4
 Dimensional Bullseye     Hex/Tloc       3%         N/A       71%         4
 Alistair's Intoxication  Alch           2%         N/A       98%         5


Dungeon Overview and Level Annotations

Branches:
Dungeon (5/15)             Temple (0/1) D:4

Altars:
Cheibriados
Dithmenos
Makhleb
Ru
Vehumet
Wu Jian
Yredelemnul

Shops:
D:5 *:


Innate Abilities, Weirdness & Mutations

You cannot wear most types of armour.
You are amphibious.
You can wear up to eight rings at the same time.
Your skin changes colour to match your surroundings (Stealth+).
Your rubbery body absorbs attacks. (AC +1, EV +1)
((You are camouflaged when in or above water. (Stealth+)))
You have tentacles for arms and can constrict up to eight enemies at once.
You are very clumsy. (Dex -4)


Message History

The gnoll moves out of view.
You see here a +0 flail.
You feel much better. The gnoll misses you.
Okay, then.
You puncture the gnoll! You grab the gnoll.
The gnoll is heavily wounded.
You constrict the gnoll. The gnoll barely misses you.
The gnoll hits you with a +0 halberd! The hound bites you.
The gnoll completely misses you. The gnoll misses you.
You puncture the gnoll!
You kill the gnoll!
Vehumet accepts your kill. The hound closely misses you.
The hound pauses to sniff the ground.
The hound closely misses you. The gnoll barely misses you.
You closely miss the hound. You grab the hound. You squeeze the hound.
The hound is lightly wounded.
You constrict the hound, but do no damage.
The hound bites you. The hound closely misses you.
The gnoll hits you from afar with a +0 halberd of protection!
* * * LOW HITPOINT WARNING * * *
You puncture the hound! You squeeze the hound.
The hound is almost dead.
You constrict the hound.
You kill the hound!
Vehumet accepts your kill.
The gnoll hits you from afar with a +0 halberd of protection.
* * * LOW HITPOINT WARNING * * *
Your Spellcasting skill increases to level 4!
Your Hexes skill increases to level 1!
You feel better.
The shadow imp shouts, "Quit, thou mewling elf-skinned varlet!"
The black bear bites you.
* * * LOW HITPOINT WARNING * * *
The black bear claws you.
* * * LOW HITPOINT WARNING * * *
The black bear barely misses you.
A troll comes into view.
The gnoll hits you from afar with a +0 halberd of protection.
You die...

#.## #..# ##.# .#
#.# ... #.# ...≈
#### #># ...§.
#.. #.#
....oz#)## #.#
...:5gh@.######.#
.....5###.......#
T.... ##.######
.... #.# ... #.#
.. ..# . #)# #.#
#.#


You could see a troll (wandering), a black bear, a wight, a gnoll, a shadow imp,
an ufetubus and an orc.

Vanquished Creatures
  A black bear (D:5)
  A scorpion (D:5)
  A bombardier beetle (D:3)
  A hound (D:5)
  A jelly (D:3)
  2 orc priests (D:3)
  2 orc wizards
  3 adders
  2 gnolls (D:5)
  A white imp (D:5)
  A ribbon worm (D:2)
  17 orcs
  4 ball pythons
  4 endoplasms
  A giant cockroach (D:2)
  3 goblins
  2 hobgoblins
  6 jackals
  2 kobolds
  A quokka (D:4)
  6 bats
  3 frilled lizards
  2 rats
67 creatures vanquished.

Notes
Turn   | Place    | Note
-------+----------+-------------------------------------------
     0 | D:1      | PriceMaster the Octopode Earth Elementalist began the quest
                  | for the Orb.
     0 | D:1      | Reached XP level 1. HP: 11/11 MP: 3/3
    97 | D:1      | You fall into a shaft and drop 1 floor!
   337 | D:2      | Reached XP level 2. HP: 17/17 MP: 5/5
   343 | D:2      | Learned a level 2 spell: Jinxbite
   912 | D:3      | Noticed a bombardier beetle
   920 | D:3      | Killed a bombardier beetle
   921 | D:3      | Reached XP level 3. HP: 14/21 MP: 6/6
   958 | D:3      | Reached XP level 4. HP: 19/27 MP: 7/7
  1026 | D:3      | Reached skill level 1 in Unarmed Combat
  1113 | D:3      | Found a faded altar of an unknown god.
  1262 | D:3      | Found a snail-covered altar of Cheibriados.
  1491 | D:3      | Reached skill level 1 in Short Blades
  1491 | D:3      | Reached XP level 5. HP: 22/32 MP: 9/9
  1676 | D:3      | Learned a level 3 spell: Fugue of the Fallen
  1680 | D:3      | Learned a level 3 spell: Stone Arrow
  1702 | D:3      | Found a radiant altar of Vehumet.
  1960 | D:3      | Became a worshipper of Vehumet
  2014 | D:3      | Found an ornate altar of the Wu Jian Council.
  2200 | D:4      | Found a sacrificial altar of Ru.
  2236 | D:4      | Reached XP level 6. HP: 32/37 MP: 10/10
  2356 | D:4      | Found a shadowy altar of Dithmenos.
  2444 | D:4      | Found a burning altar of Makhleb.
  2530 | D:4      | Identified the +6 falchion "Ahaunt" {flame, Will+ Int+3
                  | Dex-2}
  2593 | D:4      | Found a staircase to the Ecumenical Temple.
  2786 | D:5      | Entered Level 5 of the Dungeon
  2801 | D:5      | Found a basalt altar of Yredelemnul.
  2807 | D:5      | Reached * piety under Vehumet
  2807 | D:5      | Offered knowledge of Freeze by Vehumet.
  2864 | D:5      | Learned a level 3 spell: Vampiric Draining
  2877 | D:5      | Found Suniallo's Assorted Antiques.
  2926 | D:5      | Found Zihu's Book Shoppe.
  2926 | D:5      | Noticed a black bear
  2932 | D:5      | Killed a black bear
  3011 | D:5      | Reached skill level 1 in Necromancy
  3097 | D:5      | Reached skill level 1 in Fighting
  3184 | D:5      | Gained mutation: You are clumsy. (Dex -2) [potion of
                  | mutation]
  3184 | D:5      | Gained mutation: You are very clumsy. (Dex -4) [potion of
                  | mutation]
  3184 | D:5      | Noticed a black bear
  3188 | D:5      | Reached XP level 7. HP: 28/43 MP: 12/12
  3194 | D:5      | Reached skill level 1 in Hexes
  3194 | D:5      | Noticed a troll
  3194 | D:5      | Slain by a gnoll

Illustrated notes

Levels and vault maps discovered:
D:1:      dpeg_arrival_castle, layout_basic, minmay_misc_feat_tiny
D:2:      layout_loops_ring, serial_bayou, serial_bayou_shore_b,
          serial_bayou_lagoon_a, serial_bayou_pond_e, serial_bayou_ford_a,
          minmay_hexomino_r4
D:3:      layout_loops_ring, mainiacjoe_overflow_tiny_flanked,
          vehumet_altar_wand_db, pdpol_wu_jian_five_deadly_venoms,
          ebering_ecumenical_altar_rust
D:4:      layout_rooms, mainiacjoe_overflow_surrounded_room,
          nicolae_overflow_hidden_temple, minmay_temple_entry_ruins
D:5:      cheibrodos_fzero, layout_loops_ring, mainiacjoe_overflow_boulevard,
          dancing_weapons_uskayaw, yredelemnul_altar_generic, serial_shops,
          nicolae_shop_rolling_square, shop, ebering_ghost_sewer_f, uniq_duvessa

Skill      XL: |  1  2  3  4  5  6  7 |
---------------+----------------------+-----
Stealth        | 3 4 |  4.1
Unarmed Combat | 1 |  1.1
Short Blades   | 1 2 |  2.9
Earth Magic    | 4 |  4.2
Spellcasting   | 3 4 |  4.0
Necromancy     | 1 |  1.0
Fighting       | 1 |  1.1
Hexes          | 1 |  1.1
Dodging        | |  2.4
Conjurations   | |  1.0

Action                     |  1- 3 |  4- 6 |  7- 9 || total
---------------------------+-------+-------+-------++-------
  Melee: Unarmed           |     6 |       |       ||     6
         Constrict         |     5 |    21 |     2 ||    28
         Tentacles         |     2 |    10 |     2 ||    14
         Rapier            |    13 |    67 |     4 ||    84
         Punch             |     1 |       |       ||     1
   Cast: Sandblast         |    16 |    22 |       ||    38
         Jinxbite          |     1 |    10 |       ||    11
         Fugue of the Fall |       |     7 |       ||     7
         Stone Arrow       |       |     1 |       ||     1
    Use: Scroll            |       |     3 |       ||     3
         Potion            |       |     2 |     2 ||     4
   Stab: Sleeping          |     2 |     4 |       ||     6
 Armour: Skin              |     9 |    37 |    10 ||    56
  Dodge: Dodged            |    26 |    59 |     9 ||    94
